 Dungeon Crawl Stone Soup version 0.20.1-1-g8b1a95d (webtiles) character file.

119 Irenicus the Slasher (level 5, 0/36 HPs)
             Began as an Octopode Chaos Knight on Oct 13, 2017.
             Succumbed to an adder's poison
             ... on level 3 of the Dungeon.
             The game lasted 00:02:33 (1471 turns).

Irenicus the Slasher (Octopode Chaos Knight)        Turns: 1471, Time: 00:02:34

Health: 0/36       AC:  1    Str: 17    XL:     5   Next: 3%
Magic:  5/5        EV: 13    Int: 14    God:    Xom [..*...]
Gold:   135        SH:  0    Dex: 12    Spells: 4/4 levels left

rFire    . . .     SeeInvis .   a - +0 falchion (chaos)
rCold    . . .     Gourm    .   (no shield)
rNeg     . . .     Faith    .   (helmet restricted)
rPois    .         Spirit   .   (no amulet)
rElec    .         Reflect  .   (no ring)
rCorr    .         Harm     .   (no ring)
MR       .....                  (no ring)
Stlth    ++........             (no ring)
Regen    0.2/turn               (no ring)
MPRegen  0.1/turn               (no ring)
                                (no ring)
                                (no ring)

@: mighty, lethally poisoned (0 -> -10), very slightly contaminated, invisible
A: almost no armour, stealthy swim, amphibious, 8 rings, constrict 8, camouflage
1, gelatinous body 1
a: Renounce Religion


You were on level 3 of the Dungeon.
You worshipped Xom.
You were a toy of Xom.
You were hungry.

You visited 1 branch of the dungeon, and saw 3 of its levels.

You collected 135 gold pieces.

Inventory:

Hand Weapons
 a - a +0 falchion of chaos (weapon)
Scrolls
 d - a scroll of fog {unknown}
 e - 5 scrolls of identify {unknown}
 f - a scroll of remove curse {unknown}
 i - a scroll of teleportation {unknown}
Potions
 h - a potion of might
Comestibles
 b - a bread ration
 c - a royal jelly
 g - a meat ration


   Skills:
 - Level 3.0 Fighting
 + Level 5.5 Long Blades
 - Level 2.3 Dodging


You had 4 spell levels left.
You didn't know any spells.

Dungeon Overview and Level Annotations

Branches:
Dungeon (3/15)

Altars:
Hepliaklqana


Innate Abilities, Weirdness & Mutations

You cannot wear most types of armour.
You are very stealthy in the water. (Stealth+)
You are amphibious.
You can wear up to eight rings at the same time.
You can use your tentacles to constrict eight enemies at once.
Your skin changes colour to match your surroundings (Stealth+).
Your rubbery body absorbs attacks. (AC +1, EV +1)


Message History

* * * LOW HITPOINT WARNING * * *
You feel sick.
* * * LOW HITPOINT WARNING * * *
You feel sick.
A quokka comes into view.
* * * LOW HITPOINT WARNING * * *
You feel sick.
* * * LOW HITPOINT WARNING * * *
You feel sick.
* * * LOW HITPOINT WARNING * * *
You feel sick.
Found a stone staircase leading down.
* * * LOW HITPOINT WARNING * * *
You feel sick.
* * * LOW HITPOINT WARNING * * *
You feel sick.
* * * LOW HITPOINT WARNING * * *
You feel sick.
You die...
Xom bursts into laughter!

######### #.......#
#### ...
#.......##...# ...
#.......#..#.# ....
..##.###.....######...
....................
####>#...#### #...#
........#######...#
#...............@r#
....###.#######...#
##### #†# #..># # #.#
#...# # #.# ##### #
#.# #.# #.# ###


You could see a quokka (sleeping).

Vanquished Creatures
  An orc priest (D:3)
  4 adders
  4 dart slugs
  2 orcs (D:3)
  2 giant cockroaches
  4 goblins
  5 hobgoblins
  6 jackals (D:2)
  4 kobolds
  A quokka (D:2)
  A ball python (D:2)
  2 bats
  A frilled lizard (D:1)
  7 rats
44 creatures vanquished.

Notes
Turn   | Place    | Note
-------+----------+-------------------------------------------
     0 | D:1      | Irenicus the Octopode Chaos Knight began the quest for the Orb.
     0 | D:1      | Reached XP level 1. HP: 16/16 MP: 1/1
   234 | D:1      | Reached XP level 2. HP: 21/21 MP: 2/2
   628 | D:2      | Reached skill level 4 in Long Blades
   646 | D:2      | Reached XP level 3. HP: 21/26 MP: 3/3
   963 | D:2      | XOM: cloud trail
  1018 | D:2      | Reached XP level 4. HP: 31/31 MP: 4/4
  1058 | D:2      | Found a hazy altar of Hepliaklqana.
  1230 | D:2      | XOM: harmless Erth miscast
  1387 | D:3      | Reached skill level 5 in Long Blades
  1387 | D:3      | XOM: potion effect (invisibility)
  1414 | D:3      | XOM: mild Air miscast
  1461 | D:3      | Reached XP level 5. HP: 13/36 MP: 5/5
  1470 | D:3      | HP: 1/36 [poisoned by an adder]
  1471 | D:3      | Succumbed to an adder's poison

Skill      XL: |  1  2  3  4 |
---------------+-------------+-----
Long Blades    | 4 5 |  5.5
Fighting       | |  3.0
Dodging        | |  2.3

Action                   |  1- 3 |  4- 6 || total
-------------------------+-------+-------++-------
Melee: Falchion          |    54 |    31 ||    85
       Constrict         |    18 |    10 ||    28
       Tentacles         |     6 |     8 ||    14
  Use: Potion            |       |     1 ||     1
 Stab: Sleeping          |     5 |     2 ||     7
       Invisible         |       |     1 ||     1
  Eat: Chunk             |       |     1 ||     1
Armor: Skin              |     6 |     2 ||     8
Dodge: Dodged            |    39 |    21 ||    60
       Rpst.: Falchion   |    11 |     7 ||    18
